cohdb
Replays
Latest Replays
All Replays
Popular Replays
Top Player Replays
Match Explorer
How It Works
Community
CoH3 Stats
Reddit
Sign in to upload your games and track your stats! →
Sign in with Steam
Match 47485679
Unlisted
Match 47485679
Overview
Messages
Build Orders
End
Kettenkrad Recon Vehicle
Construct Infanterie Kompanie
MG 42 Machine Gun Team
Selects Terror Battlegroup
Grenadier Squad
Selects Machine Gun Camouflage
Construct Panzergrenadier Kompanie
251 Medium Carrier
Pak 40 Anti-tank Gun Team
Panzergrenadier Squad
Support Elements
StuG III G Assault Gun
Nebelwerfer 42 Rocket Launcher Team
Pioneer Squad
Side Skirts
Construct Panzer Kompanie
Selects Defend the Fatherland
Panzer IV Medium Tank
Medical Bunker
Repair Bunker
Selects King Tiger Heavy Tank
King Tiger Heavy Tank
Panzer Officer Quarters
Panzer IV Medium Tank
[CoA] Deathkrieg
김수빈
Tanith's Finest
Ssezra
No soy manco tengo lag
Kazven
0
0
Comments
sign in to comment!
No comments posted yet!